 Dungeon Crawl Stone Soup version 0.24.1-8-ga250c9d538 (webtiles) character file.

Game seed: 9713390632470014056, levelgen mode: deterministic

1809 Hugehornet the Martial Artist (level 9, 0/53 HPs)
             Began as an Octopode Transmuter on May 4, 2020.
             Slain by a sky beast (6 damage)
             ... on level 6 of the Dungeon.
             The game lasted 00:15:25 (5964 turns).

Hugehornet the Martial Artist (Octopode Transmuter) Turns: 5964, Time: 00:15:26

Health: 0/53       AC:  2    Str: 10    XL:     9   Next: 10%
Magic:  12/15      EV: 19    Int: 18    God:
Gold:   198        SH:  4    Dex: 17    Spells: 1/16 levels left

rFire    . . .     SeeInvis .     - Unarmed
rCold    . . .     Gourm    .   (shield currently unavailable)
rNeg     . . .     Faith    .   (helmet currently unavailable)
rPois    x         Spirit   .   l - +4 amulet of reflection
rElec    .         Reflect  +   k - ring of wizardry
rCorr    .         Harm     .   (no ring)
MR       .....                  (no ring)
Stlth    +++.......             (no ring)
HPRegen  0.17/turn              (no ring)
MPRegen  0.14/turn              (no ring)
                                (no ring)
                                (no ring)

@: spider-form
A: tiny, almost no armour, stealthy swim, (amphibious), 8 rings, (constrict 8)
a: End Transformation


You were on level 6 of the Dungeon.
You were hungry.
You were a venomous arachnid creature.
You visited 1 branch of the dungeon, and saw 6 of its levels.

You collected 198 gold pieces.

Inventory:

Missiles
 a - 53 arrows
Jewellery
 k - a ring of wizardry (left front leg)
 l - a +4 amulet of reflection (around neck)
Wands
 f - a wand of digging (4)
 m - a wand of paralysis (12)
 p - a wand of iceblast (12)
 r - a wand of random effects (22)
Scrolls
 n - a scroll of immolation {unknown}
Potions
 b - 3 potions of heal wounds
 d - a potion of mutation {unknown}
 g - a potion of cancellation {unknown}
 h - 2 potions of lignification {unknown}
 i - 4 potions of curing
 j - a potion of magic {unknown}
 o - a potion of might {unknown}
 q - a potion of invisibility {unknown}
 s - a potion of flight {unknown}
Comestibles
 c - 10 rations


   Skills:
 - Level 1.0 Fighting
 - Level 2.0 Dodging
 - Level 5.1 Stealth
 * Level 9.2 Unarmed Combat
 - Level 4.0 Spellcasting
 - Level 5.0 Transmutations
 - Level 2.1 Poison Magic


You had one spell level left.
You knew the following spells:

 Your Spells              Type           Power        Failure   Level  Hunger
a - Beastly Appendage     Tmut           ###...       3%          1    None
b - Sticks to Snakes      Tmut           ###.....     4%          2    ##.....
c - Spider Form           Tmut/Pois      ###.......   10%         3    ###....
d - Ice Form              Ice/Tmut       ##......     34%         4    ####...
e - Blade Hands           Tmut           ###.......   34%         5    ######.

Your spell library contained the following spells:

 Spells                   Type           Power        Failure   Level  Hunger
 Animate Skeleton         Necr           N/A          13%         1    None
 Pain                     Necr           #...         13%         1    None
 Regeneration             Chrm/Necr      #.........   32%         3    ###....
 Vampiric Draining        Necr           #.........   32%         3    ###....
 Animate Dead             Necr           N/A          65%         4    ####...


Dungeon Overview and Level Annotations

Branches:
Dungeon (6/15)
 Temple: D:4-7

Altars:
Uskayaw

Shops:
D:5 [

Annotations:
D:4 exclusion: ice beast


Innate Abilities, Weirdness & Mutations

You cannot wear most types of armour.
You are very stealthy in the water. (Stealth+)
((You are amphibious.))
You can wear up to eight rings at the same time.
((You can use your tentacles to constrict eight enemies at once.))
((Your skin changes colour to match your surroundings (Stealth+).))
((Your rubbery body absorbs attacks. (AC +1, EV +1)))


Message History

The sky beast is too close now for your liking.
Casting: Spider Form (safe; 4% risk of failure)
Confirm with . or Enter, or press ? or * to list all spells.
You turn into a venomous arachnid creature.
You are too injured to fight recklessly!
You are too injured to fight recklessly!
You are too injured to fight recklessly!
The sky beast flickers out of sight!
Deactivating autopickup; reactivate with Ctrl-A.
Something hits you. Something shocks you.
* * * LOW HITPOINT WARNING * * *
You hit something but do no damage. Something barely misses you.
You hit something. Something hits you.
* * * LOW HITPOINT WARNING * * *
Something shocks you.
* * * LOW HITPOINT WARNING * * *
You hit something. Something hits you.
* * * LOW HITPOINT WARNING * * *
Something shocks you.
You die...

#...##..####...####..#...........
#...##+############+##...........
..........# .........')..........
..........# .........#[..........
.##...)#########'###[#...........
######...........................
#.........................##
#.........................#
#.........{s.....#####....#
###+############## #....# ....#
...# ...#


There were no monsters in sight!

Vanquished Creatures
  Grinder (D:5)
  Sigmund (D:3)
  A water moccasin (D:5)
  2 sky beasts (D:6)
  A phantom (D:6)
  An ogre (D:4)
  2 bullfrogs (D:6)
  A scorpion (D:6)
  A howler monkey (D:6)
  2 crimson imps
  A bullfrog zombie (D:6)
  A hound (D:6)
  2 orc priests
  Crazy Yiuf (D:2)
  A centaur skeleton (D:5)
  Ijyb (D:5)
  Jessica (D:3)
  2 iguanas
  5 orc wizards
  2 worker ants
  6 gnolls
  8 adders
  An ooze (D:2)
  2 worms (D:3)
  2 leopard geckos
  20 orcs
  8 bats
  4 giant cockroaches
  6 hobgoblins
  5 jackals
  6 quokkas
  2 ball pythons
  5 frilled lizards
  11 goblins
  5 kobolds
  A leopard gecko skeleton (D:4)
  5 rats
  A fungus (D:2)
128 creatures vanquished.

Vanquished Creatures (collateral kills)
  A phantom (D:5)
  An adder (D:5)
  An adder zombie (D:6)
3 creatures vanquished.

Vanquished Creatures (others)
  An orc (D:6)
1 creature vanquished.

Grand Total: 132 creatures vanquished

Notes
Turn   | Place    | Note
-------+----------+-------------------------------------------
     0 | D:1      | Hugehornet the Octopode Transmuter began the quest for the
                  | Orb.
     0 | D:1      | Reached XP level 1. HP: 13/13 MP: 3/3
   234 | D:1      | Reached XP level 2. HP: 18/18 MP: 3/5
   950 | D:2      | Reached XP level 3. HP: 11/23 MP: 4/6
  1947 | D:2      | Found a runed translucent door.
  1948 | D:2      | Noticed Crazy Yiuf
  1954 | D:2      | Learned a level 2 spell: Sticks to Snakes
  1958 | D:2      | Learned a level 3 spell: Spider Form
  1995 | D:2      | Killed Crazy Yiuf
  1995 | D:2      | Reached XP level 4. HP: 28/28 MP: 3/7
  2273 | D:3      | Noticed Sigmund
  2279 | D:3      | Killed Sigmund
  2279 | D:3      | Reached skill level 4 in Unarmed Combat
  2279 | D:3      | Reached skill level 5 in Transmutations
  2279 | D:3      | Reached XP level 5. HP: 33/33 MP: 4/8
  2279 | D:3      | Reached XP level 6. HP: 38/38 MP: 4/9
  2827 | D:3      | Reached skill level 5 in Unarmed Combat
  3040 | D:3      | Noticed Jessica
  3051 | D:3      | Killed Jessica
  3051 | D:3      | Reached XP level 7. HP: 36/43 MP: 6/10
  3250 | D:3      | Reached skill level 1 in Stealth
  3688 | D:4      | Reached skill level 6 in Unarmed Combat
  4032 | D:5      | Entered Level 5 of the Dungeon
  4189 | D:5      | Noticed Grinder
  4630 | D:5      | Reached XP level 8. HP: 26/48 MP: 8/12
  4824 | D:5      | Noticed Ijyb
  4837 | D:5      | Killed Ijyb
  4881 | D:5      | Killed Grinder
  4881 | D:5      | Reached skill level 7 in Unarmed Combat
  5020 | D:5      | Learned a level 4 spell: Ice Form
  5184 | D:5      | Found Yshaenakif's Antique Armour Shop.
  5523 | D:6      | Reached skill level 5 in Stealth
  5616 | D:6      | Learned a level 5 spell: Blade Hands
  5635 | D:6      | Reached skill level 8 in Unarmed Combat
  5692 | D:6      | Noticed a +0 dagger
  5693 | D:6      | Noticed a +0 dagger
  5790 | D:6      | Reached XP level 9. HP: 23/53 MP: 8/15
  5824 | D:6      | Found a hide-covered altar of Uskayaw.
  5835 | D:6      | Reached skill level 9 in Unarmed Combat
  5964 | D:6      | Slain by a sky beast

Levels and vault maps discovered:
D:1:      lightli_arrival_lavapool, layout_basic
D:2:      layout_rooms, uniq_crazy_yiuf_cottage
D:3:      layout_basic, skrybe_limestone_x, uniq_jessica, uniq_sigmund
D:4:      layout_rooms, first_ration, hangedman_decor_clover_reticule,
          hangedman_decor_diamond_cutter
D:5:      layout_basic, serial_shops, shop, uniq_grinder, uniq_ijyb
D:6:      layout_gridville, dancing_weapons_uskayaw, gup_sewer_entry_bowl

Skill      XL: |  1  2  3  4  5  6  7  8  9 |
---------------+----------------------------+-----
Transmutations | 3 4 5 |  5.0
Unarmed Combat | 4 5 6 8 9 |  9.2
Poison Magic   | 2 |  2.1
Stealth        | 3 5 |  5.1
Spellcasting   | 3 4 |  4.0
Fighting       | |  1.0
Dodging        | |  2.0

Action                   |  1- 3 |  4- 6 |  7- 9 || total
-------------------------+-------+-------+-------++-------
Melee: Unarmed           |    68 |   100 |   185 ||   353
       Constrict         |    13 |     9 |    20 ||    42
       Kick              |    13 |     9 |    20 ||    42
       Tentacles         |     7 |     3 |    13 ||    23
       Punch             |       |     2 |     2 ||     4
 Cast: Beastly Appendage |    23 |    17 |    25 ||    65
       Spider Form       |     1 |     7 |    17 ||    25
       Sticks to Snakes  |       |       |    15 ||    15
 Abil: End Transformatio |       |     1 |     8 ||     9
  Use: Scroll            |       |     2 |     6 ||     8
 Stab: Sleeping          |     8 |     3 |     4 ||    15
  Eat: Chunk             |     3 |     5 |     8 ||    16
       Ration            |       |       |     1 ||     1
Armor: Skin              |     1 |     4 |     5 ||    10
Dodge: Dodged            |    30 |    44 |    91 ||   165
Block: Other             |       |    14 |    41 ||    55
       Reflection        |       |       |     3 ||     3
